 Dungeon Crawl Stone Soup version 0.31-a0-740-g87205ac768 (webtiles) character file.

Game seed: 12979788883363378300

0 userName1 the Shooter (level 1, -1/16 HPs)
             Began as a Vampire Hunter on Sept 12, 2023.
             Slain by a goblin
             ... wielding a +0 club
              (4 damage)
             ... on level 1 of the Dungeon.
             The game lasted 00:00:14 (19 turns).

userName1 the Shooter (Vampire Hunter)                Turns: 19, Time: 00:00:14

Health: -1/16      AC:  3    Str: 10    XL:     1   Next: 8%
Magic:  1/1        EV: 12    Int: 11    God:
Gold:   0          SH:  0    Dex: 17    Spells: 0/0 levels left

rFire   . . .        a - +0 shortbow
rCold   . . .        (shield currently unavailable)
rNeg    . . .        c - +0 leather armour
rPois   .            (no helmet)
rElec   .            (no cloak)
rCorr   .            (no gloves)
SInv    +            (no boots)
Will    .....        (no amulet)
Stlth   ++           (no ring)
HPRegen 0.42/turn    (no ring)
MPRegen 0.07/turn

%: no passive effects
@: healing quickly
A: alive, fangs 3, see invisible, vampiric 1
a: Exsanguinate


You were on level 1 of the Dungeon.
You visited 1 branch of the dungeon, and saw 1 of its levels.

Inventory:

Hand Weapons
 a - a +0 shortbow (weapon)
Armour
 c - a +0 leather armour (worn)
Scrolls
 b - a scroll of butterflies


   Skills:
 + Level 1.8 Fighting
 + Level 3.2 Ranged Weapons
 + Level 2.1 Dodging
 + Level 1.5 Stealth


You couldn't memorise any spells.
You didn't know any spells.
Your spell library was empty.

Dungeon Overview and Level Annotations

Branches:
Dungeon (1/15)

Altars:


Innate Abilities, Weirdness & Mutations

Your natural rate of healing is accelerated.
You have razor-sharp teeth.
You have supernaturally acute eyesight. (SInv)
You are afflicted with vampirism.


Message History

You shoot an arrow.
The arrow barely misses the ball python.
The arrow barely misses the rat.
The goblin shouts!
The ball python bites you but does no damage.
The ball python completely misses you.
A goblin comes into view. It is wielding a +0 club.
The rat twitches its whiskers.
You shoot an arrow. The arrow hits the ball python.
The ball python is severely wounded.
The ball python barely misses you. x3; The ball python grabs you.
The ball python constricts you.
You shoot an arrow.
The arrow barely misses the ball python.
The arrow barely misses the rat.
The goblin barely misses you.
A rat comes into view.
The ball python bites you but does no damage.
The ball python constricts you. The quokka closely misses you.
You shoot an arrow.
The arrow closely misses the ball python.
The arrow hits the rat.
The rat is severely wounded.
The goblin hits you with a +0 club.
The ball python bites you but does no damage.
The ball python constricts you. The quokka bites you.
The goblin hits you but does no damage. The goblin hits you with a +0 dagger.
The ball python bites you but does no damage.
The ball python constricts you.
You shoot an arrow.
The arrow barely misses the ball python.
The arrow hits the rat.
You kill the rat!
The quokka barely misses you. The ball python bites you.
The ball python constricts you. The goblin barely misses you. x2
The quokka bites you.
* * * LOW HITPOINT WARNING * * *
You shoot an arrow. The arrow hits the ball python.
You kill the ball python!
The goblin hits you with a +0 club.
You die...

#.......# ####+#####
#.......# .........#
#....... .........###
#.....##
..⌠...⌠..#.##
#.......
.........#..####†...#
....<....'....##ggr.#
.........#......@r..#
$.⌠...⌠..##.###.g..##
......"..#..#
##.....#
..$......#..#
###..?...
####+#####..# .##...
#..# .. .. .... .# #
... ##


You could see a quokka, 3 goblins and a rat.

Vanquished Creatures
  A ball python (D:1)
  A rat (D:1)
2 creatures vanquished.

Notes
Turn   | Place    | Note
-------+----------+-------------------------------------------
     0 | D:1      | userName1 the Vampire Hunter began the quest for the Orb.
     0 | D:1      | Reached XP level 1. HP: 16/16 MP: 1/1
    19 | D:1      | Slain by a goblin

Illustrated notes

Levels and vault maps discovered:
D:1:      mushboom_english_gardens, layout_rooms

Action                     || total
---------------------------++-------
   Fire: Shortbow          ||     6
 Armour: Leather armour    ||    11
  Dodge: Dodged            ||     9

Table legend: (Time is in decaauts)
 A = Elapsed time spent in this place.
 B = Non-inter-level travel time spent in this place.
 C = Inter-level travel time spent in this place.
 D = Time resting spent in this place.
 E = Time spent auto-exploring this place.
 F = Levels seen in this place.
 G = Mean time per level.
                   A        B        C        D        E       F      G
               +--------+--------+--------+--------+--------+-----+--------+
         Total |     20 |     20 |      0 |      0 |      0 |   1 |   20.0 |
       Dungeon |     20 |     20 |      0 |      0 |      0 |   1 |   20.0 |
               +--------+--------+--------+--------+--------+-----+--------+

Top non-repeatable levels by time:
     D:1: 20 daAuts
